 Dungeon Crawl Stone Soup version 0.20.1-1-g8b1a95d66d (webtiles) character file.

28528 ZeroTheHero the Severer (level 13, -5/144 HPs)
             Began as a Minotaur Berserker on Nov 20, 2017.
             Was an Elder of Trog.
             Slain by timpakay's ghost (8 damage)
             ... on level 1 of the Shoals.
             The game lasted 01:46:09 (12864 turns).

ZeroTheHero the Severer (Minotaur Berserker)       Turns: 12864, Time: 01:46:10

Health: -5/144     AC: 26    Str: 24    XL:     13   Next: 10%
Magic:  0/4        EV:  2    Int:  4    God:    Trog [****..]
Gold:   987        SH:  0    Dex: 20    Spells: 12/12 levels left

rFire    . . .     SeeInvis .   U - +5 executioner's axe (antimagic)
rCold    . . .     Gourm    .   (shield currently unavailable)
rNeg     + + +     Faith    .   (armour currently unavailable)
rPois    +         Spirit   +   (helmet currently unavailable)
rElec    .         Reflect  .   (cloak currently unavailable)
rCorr    .         Harm     .   (gloves currently unavailable)
MR       .....     NoTele   +   (boots currently unavailable)
Stlth    +++.......             j - amulet of guardian spirit
Regen    0.4/turn               H - +5 ring of dexterity
MPRegen  0.1/turn               D - ring of stealth

@: tree-form, mesmerised, very slow
A: (retaliatory headbutt), agile 1
a: Berserk, Trog's Hand, Brothers in Arms, Burn Spellbooks, Renounce Religion


You were on level 1 of the Shoals.
You worshipped Trog.
Trog was greatly pleased with you.
You were hungry.
You were a tree.
You visited 3 branches of the dungeon, and saw 14 of its levels.
You also visited: Ice Cave.

You collected 987 gold pieces.

Inventory:

Hand Weapons
 d - a +0 vampiric spear
 l - a +2 antimagic battleaxe
 I - a +3 quarterstaff of chaos
 U - a +5 antimagic executioner's axe (weapon)
Missiles
 t - 318 stones (quivered)
Armour
 i - a +2 plate armour of magic resistance (melded)
 w - a +2 leather armour of fire resistance
 B - a +0 pair of gloves (melded)
 J - a +0 cloak (melded)
 Q - a +0 pair of boots (melded)
Jewellery
 j - an amulet of guardian spirit (around neck)
 D - a ring of stealth (right branch)
 H - a +5 ring of dexterity (left branch)
Wands
 f - a wand of flame (27/48)
 p - a wand of iceblast (7/15)
 s - a wand of polymorph (5/24)
 u - a wand of iceblast (2/15)
 E - a wand of lightning (5/15)
 M - a wand of confusion (12/48)
 O - a wand of disintegration (6/24)
 P - a wand of paralysis (14/24)
 S - a wand of lightning (6/15)
 Y - a wand of flame (17/48)
 Z - a wand of iceblast (5/15)
Scrolls
 e - 2 scrolls of magic mapping
 h - 2 scrolls of amnesia {unknown}
 k - a scroll of acquirement {unknown}
 m - 6 scrolls of identify
 n - 2 scrolls of blinking {unknown}
 q - 5 scrolls of remove curse
 x - 3 scrolls of fear {unknown}
 y - a scroll of recharging {unknown}
 z - a scroll of enchant armour {unknown}
 K - 3 scrolls of teleportation
 V - 2 scrolls of noise {unknown}
Potions
 a - a potion of degeneration {unknown}
 b - a potion of magic {unknown}
 A - a potion of berserk rage
 G - 2 potions of lignification
 L - a potion of haste
 R - 2 potions of mutation
 W - 2 potions of flight
 X - a potion of agility {unknown}
Comestibles
 c - 9 bread rations
 g - 22 fruits
 o - 8 royal jellies
 N - 9 meat rations


   Skills:
 - Level 3.9 Fighting
 * Level 18.0 Axes
 + Level 13.0 Armour
 + Level 12.2 Dodging


You had 12 spell levels left.
You didn't know any spells.

Dungeon Overview and Level Annotations

Branches:
Dungeon (10/15)            Temple (0/1) D:6            Lair (3/6) D:10
 Shoals (1/4) Lair:3
  Snake: Lair:2-4    Spider: Lair:2-4       Orc: D:9-12

Altars:
Cheibriados
Fedhas
Gozag
Nemelex Xobeh
Okawaru
Qazlal
Ru
Vehumet
Yredelemnul
Zin
The Shining One

Portals:
Trove: D:10 (show slimy rune of Zot)

Annotations:
Lair:1 exclusion: oklob plant
Shoals:1 timpakay's ghost, adept FoFi


Innate Abilities, Weirdness & Mutations

((You reflexively headbutt those who attack you in melee.))
((You have a pair of horns on your head.))
((You are partially covered in icy blue scales. (AC +2)))
You are agile. (Dex +2)
((Your system is resistant to poisons. (rPois)))


Message History

Your ogre closely misses timpakay's ghost.
The merfolk siren chants its luring song.
Timpakay's ghost hits you but does no damage.
You hit timpakay's ghost but do no damage.
Timpakay's ghost is heavily damaged.
Your ogre hits timpakay's ghost with a giant club.
The merfolk siren chants its luring song.
Timpakay's ghost hits you!
* * * LOW HITPOINT WARNING * * *
You are electrocuted!
* * * LOW HITPOINT WARNING * * *
You feel better.
Your ogre misses timpakay's ghost.
The merfolk siren chants its luring song.
Timpakay's ghost hits you!!
* * * LOW HITPOINT WARNING * * *
It was a potion of berserk rage.
You are too mesmerised to rage.
Your ogre hits timpakay's ghost but does no damage.
The merfolk siren chants its luring song.
Timpakay's ghost hits you!
You die...

≈≈≈≈≈≈≈≈≈≈≈≈≈≈≈
≈≈≈≈≈≈≈≈≈≈≈≈≈≈≈≈
≈≈≈≈≈≈≈≈≈≈≈≈≈≈≈≈≈
≈≈≈≈≈≈≈≈≈≈≈≈≈≈≈≈≈
≈≈≈≈≈≈≈≈≈≈≈≈≈≈≈≈≈≈
≈≈≈≈≈≈≈≈≈≈≈≈≈≈≈≈≈≈
≈≈≈≈≈≈≈≈≈≈≈≈†W≈≈.≈≈≈≈≈≈
≈≈≈≈≈≈≈≈≈≈≈≈O♣≈..≈≈..≈≈
≈≈≈≈≈≈≈≈≈≈≈!≈≈....≈..≈≈
≈≈≈≈≈≈≈≈≈≈≈≈≈≈.......≈≈
≈≈≈≈≈≈≈≈≈≈≈.≈≈...##..≈≈
≈≈≈≈.≈≈≈≈....m.......≈≈
≈≈....≈≈≈≈............
#.<≈≈...>..≈≈....≈
#..≈......≈≈≈≈≈≈≈≈
#.......≈≈≈≈≈≈≈≈≈≈


You could see a merfolk siren, timpakay's ghost and a friendly ogre (berserk).

Vanquished Creatures
  2 hydras
  Erica (Lair:2)
  2 two-headed ogres
  Nergalle (Lair:2)
  Pikel (D:4)
  The ghost of stonage the Slasher, a novice DsFi of Qazlal (D:6)
  16 elephants
  4 merfolk sirens (Lair:3)
  2 black mambas (Lair:3)
  A spiny frog (Lair:2)
  3 rime drakes
  5 komodo dragons (Lair:3)
  Prince Ribbit (Lair:2)
  A polar bear (Lair:3)
  Grinder (D:5)
  5 blink frogs
  4 hippogriffs
  A dream sheep (D:8)
  18 yaks
  6 basilisks
  A hungry ghost (D:9)
  Eustachio (D:5)
  Edmund (D:4)
  2 water moccasins
  Duvessa (D:5)
  2 hell hounds (Lair:2)
  4 porcupines
  An orc warrior (D:7)
  7 ice beasts
  3 slaves (D:4)
  A necrophage (D:4)
  A black bear (D:9)
  A sky beast (D:8)
  10 wolves
  A phantom (D:10)
  2 ogres
  2 centaurs
  5 crocodiles
  Blork the orc (D:4)
  8 bullfrogs
  4 big kobolds
  A wyvern zombie (D:6)
  Dowan (D:5)
  2 scorpions (D:7)
  4 killer bees (D:9)
  8 howler monkeys
  A vampire bat (D:4)
  6 crimson imps
  7 hounds
  2 jellies
  5 orc priests
  Crazy Yiuf (D:4)
  A gnoll shaman (D:10)
  7 orc wizards
  A bullfrog skeleton (D:6)
  7 iguanas
  8 worker ants
  A hound skeleton (D:5)
  3 worker ant zombies
  A howler monkey zombie (D:7)
  3 gnolls (D:10)
  4 adders
  2 shadow imps
  An ooze (D:3)
  An adder zombie (D:5)
  4 dart slugs
  A worm (D:2)
  7 leopard geckos
  28 orcs
  8 giant cockroaches
  5 goblins
  7 hobgoblins
  11 jackals
  4 quokkas
  2 ball pythons
  12 bats
  4 frilled lizards
  10 kobolds
  5 rats
  3 fungi
  4 plants
328 creatures vanquished.

Vanquished Creatures (collateral kills)
  A merfolk avatar (Shoals:1)
  The ghost of trantor the Carver, a novice MiFi of Okawaru (D:10)
  An ugly thing (IceCv)
  A dream sheep (D:8)
  A hippogriff (D:10)
  A yak (D:10)
  A crocodile (D:10)
  A hound zombie (D:10)
  2 gnolls (D:10)
10 creatures vanquished.

Vanquished Creatures (others)
  A hound (D:4)
  A fungus (Lair:3)
  A plant (Lair:3)
3 creatures vanquished.

Grand Total: 341 creatures vanquished

Notes
Turn   | Place    | Note
-------+----------+-------------------------------------------
     0 | D:1      | ZeroTheHero the Minotaur Berserker began the quest for the Orb.
     0 | D:1      | Reached XP level 1. HP: 19/19 MP: 0/0
   201 | D:1      | Reached XP level 2. HP: 20/27 MP: 1/1
   326 | D:1      | Reached skill level 4 in Axes
   524 | D:1      | Reached XP level 3. HP: 31/33 MP: 2/2
   564 | D:1      | Found a glowing golden altar of the Shining One.
  1206 | D:2      | Reached ** piety under Trog
  2149 | D:3      | Reached XP level 4. HP: 40/40 MP: 3/3
  2206 | D:3      | Found an iron altar of Okawaru.
  2230 | D:3      | Found an opulent altar of Gozag.
  2231 | D:3      | Found a basalt altar of Yredelemnul.
  2232 | D:3      | Found a sparkling altar of Nemelex Xobeh.
  2234 | D:3      | Found a glowing silver altar of Zin.
  2522 | D:3      | Reached skill level 5 in Axes
  2575 | D:3      | Found a faded altar of an unknown god.
  2751 | D:4      | Got a scorched ring mail
  2776 | D:4      | Reached XP level 5. HP: 45/46 MP: 4/4
  2831 | D:4      | Noticed a slave
  2836 | D:4      | Noticed a slave
  2841 | D:4      | Noticed a slave
  2841 | D:4      | Killed a slave
  2843 | D:4      | Noticed Pikel
  2847 | D:4      | Killed a slave
  2852 | D:4      | Killed a slave
  2870 | D:4      | Noticed a slave
  2874 | D:4      | Killed Pikel
  2874 | D:4      | Reached *** piety under Trog
  2874 | D:4      | Reached skill level 7 in Axes
  2874 | D:4      | Reached skill level 5 in Armour
  2874 | D:4      | Reached XP level 6. HP: 13/52 MP: 5/5
  2874 | D:4      | Reached XP level 7. HP: 15/58 MP: 6/6
  3441 | D:4      | Noticed Blork the orc
  3451 | D:4      | Killed Blork the orc
  3451 | D:4      | Reached skill level 8 in Axes
  3451 | D:4      | Reached skill level 5 in Dodging
  3487 | D:4      | Noticed Edmund
  3495 | D:4      | Killed Edmund
  3560 | D:4      | Found a runed door.
  3564 | D:4      | Noticed Crazy Yiuf
  3568 | D:4      | Killed Crazy Yiuf
  3852 | D:4      | Reached XP level 8. HP: 49/66 MP: 7/7
  4229 | D:5      | Entered Level 5 of the Dungeon
  4229 | D:5      | Noticed Duvessa
  4229 | D:5      | Noticed Dowan
  4250 | D:4      | Reached skill level 9 in Axes
  4443 | D:5      | Found a radiant altar of Vehumet.
  4608 | D:5      | Noticed Eustachio
  4615 | D:5      | Killed Eustachio
  4734 | D:5      | Killed Dowan
  4782 | D:5      | Killed Duvessa
  4787 | D:5      | Reached skill level 10 in Axes
  4912 | D:5      | Noticed Grinder
  4912 | D:5      | Paralysed by Grinder for 5 turns
  4926 | D:5      | Killed Grinder
  5210 | D:5      | Reached XP level 9. HP: 71/71 MP: 8/8
  5233 | D:6      | Noticed stonage's ghost (novice DsFi)
  5240 | D:6      | Killed stonage's ghost
  5240 | D:6      | Reached **** piety under Trog
  5240 | D:6      | Reached skill level 11 in Axes
  5342 | D:6      | Noticed a two-headed ogre
  5350 | D:6      | Killed a two-headed ogre
  5481 | D:6      | Found a staircase to the Ecumenical Temple.
  5587 | D:6      | Found a blossoming altar of Fedhas.
  5587 | D:6      | Found a snail-covered altar of Cheibriados.
  5816 | D:6      | Found a sacrificial altar of Ru.
  5818 | D:6      | Found a stormy altar of Qazlal.
  5970 | D:7      | Reached skill level 12 in Axes
  6598 | D:7      | Identified the cursed +0 ring mail of Lun Hean {+Blink} (You found it on level 4 of the Dungeon)
  6629 | D:7      | Reached XP level 10. HP: 78/78 MP: 2/9
  7132 | D:8      | Noticed a two-headed ogre
  7134 | D:8      | Killed a two-headed ogre
  7162 | D:8      | Reached skill level 13 in Axes
  7202 | D:8      | Identified Theurgy Continued
  7525 | D:8      | Noticed a three-headed hydra
  7530 | D:8      | Killed a six-headed hydra
  7530 | D:8      | Reached skill level 10 in Armour
  7927 | D:8      | Reached skill level 14 in Axes
  8289 | D:9      | Reached XP level 11. HP: 44/83 MP: 5/10
  8491 | D:9      | Reached ***** piety under Trog
  9126 | D:10     | Entered Level 10 of the Dungeon
  9340 | D:10     | Noticed trantor's ghost (novice MiFi)
  9354 | D:10     | Found a portal to a secret trove of treasure.
  9356 | D:10     | Killed trantor's ghost
  9595 | D:10     | Found a staircase to the Lair.
  9732 | D:10     | Received a gift from Trog
  9883 | Lair:1   | Entered Level 1 of the Lair of Beasts
 10281 | Lair:1   | Noticed an oklob plant
 10578 | Lair:2   | Reached skill level 10 in Dodging
 10603 | Lair:2   | Reached skill level 15 in Axes
 10722 | Lair:2   | Reached XP level 12. HP: 80/91 MP: 3/11
 10724 | Lair:2   | Reached skill level 16 in Axes
 10779 | Lair:2   | Found a frozen archway.
 10799 | IceCv    | Entered an ice cave
 10892 | Lair:2   | Noticed Nergalle
 10904 | Lair:2   | Killed Nergalle
 11036 | Lair:2   | Noticed Prince Ribbit
 11046 | Lair:2   | Killed Prince Ribbit
 11055 | Lair:2   | Noticed Erica
 11066 | Lair:2   | Killed Erica
 11556 | Lair:3   | Noticed a four-headed hydra
 11561 | Lair:3   | Received a gift from Trog
 11562 | Lair:3   | Reached skill level 17 in Axes
 11568 | Lair:3   | Killed an eight-headed hydra
 12268 | Lair:3   | Reached XP level 13. HP: 96/96 MP: 4/12
 12462 | Lair:3   | Found a staircase to the Shoals.
 12822 | Shoals:1 | Entered Level 1 of the Shoals
 12841 | Shoals:1 | Noticed timpakay's ghost (adept FoFi)
 12850 | Shoals:1 | Reached skill level 18 in Axes
 12851 | Shoals:1 | Gained mutation: You are agile. (Dex +2) [potion of mutation]
 12851 | Shoals:1 | Gained mutation: Your system is resistant to poisons. (rPois) [potion of mutation]
 12851 | Shoals:1 | Gained mutation: You are partially covered in icy blue scales. (AC +2) [potion of mutation]
 12863 | Shoals:1 | HP: 3/144 [timpakay's ghost (27)]
 12864 | Shoals:1 | Slain by timpakay's ghost

Skill      XL: |  1  2  3  4  5  6  7  8  9 10 11 12 13 |
---------------+----------------------------------------+-----
Axes           | 4 5 7 8 10 12 14 15 17 18 | 18.0
Armour         | 3 5 6 7 8 10 11 12 13 | 13.0
Dodging        | 3 4 5 6 8 9 10 12 | 12.2
Fighting       | |  3.9

Action                   |  1- 3 |  4- 6 |  7- 9 | 10-12 | 13-15 || total
-------------------------+-------+-------+-------+-------+-------++-------
Melee: Hand axe          |    93 |    71 |    17 |       |       ||   181
       Headbutt          |    15 |    11 |    56 |   121 |     5 ||   208
       Battleaxe         |       |       |   243 |   227 |       ||   470
       Executioner's axe |       |       |       |   203 |    33 ||   236
Invok: Berserk           |       |     2 |     8 |     9 |       ||    19
       Brothers in Arms  |       |       |     1 |     3 |     1 ||     5
       Burn Spellbooks   |       |       |       |     3 |       ||     3
       Trog's Hand       |       |       |       |     2 |       ||     2
  Use: Scroll            |       |       |     6 |     6 |     1 ||    13
       Potion            |       |       |       |       |    13 ||    13
  Eat: Meat ration       |     1 |       |     2 |     1 |       ||     4
       Chunk             |       |     2 |     9 |    20 |     2 ||    33
       Royal jelly       |       |       |     1 |       |       ||     1
       Bread ration      |       |       |       |     1 |       ||     1
Armor: Animal skin       |     1 |       |       |       |       ||     1
       Leather armour    |     7 |       |       |       |       ||     7
       Scale mail        |    11 |       |       |       |       ||    11
       Plate armour      |     8 |    42 |   138 |   251 |     9 ||   448
       Skin              |       |       |       |       |     7 ||     7
Dodge: Dodged            |    50 |    28 |   126 |   289 |    11 ||   504
